 Dungeon Crawl Stone Soup version 0.26-a0-649-gf8c6c3aab7 (webtiles) character file.

Game seed: 15543047405722330539

28 DogServant the Ducker (level 2, 14/14 HPs)
             Began as a Spriggan Arcane Marksman on Sept 27, 2020.
             Quit the game on level 3 of the Dungeon.
             The game lasted 00:03:44 (1879 turns).

DogServant the Ducker (Spriggan Arcane Marksman)    Turns: 1879, Time: 00:03:45

Health: 14/14      AC:  2    Str:  6    XL:     2   Next: 96%
Magic:  5/5        EV: 19    Int: 14    God:
Gold:   90         SH:  0    Dex: 16    Spells: 2/3 levels left

rFire    + . .     SeeInvis +   m - -1 dagger (curse)
rCold    x . .     Faith    +   (shield restricted)
rNeg     . . .     Spirit   .   e - +0 robe
rPois    .         Reflect  .   (helmet restricted)
rElec    .         Harm     .   (no cloak)
rCorr    .         Rampage  .   (gloves unavailable)
MR       .....                  (boots unavailable)
Stlth    +.........             q - amulet of faith
HPRegen  0.04/turn              l - ring of fire
MPRegen  0.09/turn              n - -4 ring of slaying (curse)

@: very quick
A: very small, unfitting armour, see invisible, speed 3
a: no special abilities


You were on level 3 of the Dungeon.
You visited 1 branch of the dungeon, and saw 3 of its levels.

You collected 90 gold pieces.

Inventory:

Hand Weapons
 a - a +0 shortbow
 m - a cursed -1 dagger (weapon)
Armour
 e - a +0 robe (worn)
Jewellery
 l - a ring of fire (left hand)
 n - a cursed -4 ring of slaying (right hand)
 q - an amulet of faith (around neck)
Scrolls
 f - a scroll of remove curse {unknown}
 h - 3 scrolls of teleportation {unknown}
 j - a scroll of identify {unknown}
 k - a scroll of fear {unknown}
 s - a scroll of noise {unknown}
 u - a scroll of fog {unknown}
Potions
 c - 5 potions of curing {unknown}
 d - a potion of stabbing {unknown}
 g - a potion of ambrosia {unknown}
 i - a potion of resistance {unknown}
 o - 2 potions of might {unknown}
 p - a potion of magic {unknown}
 r - a potion of flight {unknown}
 t - 2 potions of haste {unknown}


   Skills:
 - Level 0.7 Fighting
 + Level 3.4 Bows
 + Level 4.2 Dodging
 - Level 1.3 Spellcasting
 - Level 3.6 Hexes


You had 2 spell levels left.
You knew the following spells:

 Your Spells              Type           Power        Failure   Level
a - Corona                Hex            ##.....      6%          1

Your spell library contained the following spells:

 Spells                   Type           Power        Failure   Level
 Slow                     Hex            ##......     9%          2
 Inner Flame              Hex/Fire       #.......     36%         3
 Portal Projectile        Hex/Tloc       #.....       36%         3
 Cause Fear               Hex            ##........   50%         4
 Leda's Liquefaction      Hex/Erth       #.........   77%         4


Dungeon Overview and Level Annotations

Branches:
Dungeon (3/15)

Altars:
Dithmenos
Ru
The Shining One


Innate Abilities, Weirdness & Mutations

You are very small and have problems with some larger weapons.
You are too small for most types of armour.
You have supernaturally acute eyesight. (SInv)
You cover ground extremely quickly.


Message History

[Y]es or [N]o only, please.
Really abort (and waste the scroll)? [Y]es or [N]o only, please.
Really abort (and waste the scroll)?
Uppercase [Y]es or [N]o only, please.
Really abort (and waste the scroll)? [Y]es or [N]o only, please.
Really abort (and waste the scroll)? [Y]es or [N]o only, please.
Really abort (and waste the scroll)?
Really abort (and waste the scroll)? [Y]es or [N]o only, please.
Really abort (and waste the scroll)? [Y]es or [N]o only, please.
Really abort (and waste the scroll)?
Okay, then.
Okay, then.
Quiver which item? (- for none, * to show all) (? for menu, Esc to quit)
Okay, then.
Are you sure you want to abandon this character and quit the game? (Confirm with "yes".)

#..###.#.##.#..
#....#.#(......
#.##.#.# ##.#.#
#.##.#.# #.#.#
####......# ...
#.......###
#.##......#
#.##.##.#.#
#@##.. .# #
#.##.## #
#.##.# #.....
### .#


There were no monsters in sight!

Vanquished Creatures
  Robin (D:3)
  6 goblins
  3 hobgoblins
  A bat (D:2)
  A frilled lizard (D:3)
  3 kobolds
  2 rats (D:1)
17 creatures vanquished.

Notes
Turn   | Place    | Note
-------+----------+-------------------------------------------
     0 | D:1      | DogServant the Spriggan Arcane Marksman began the quest for
                  | the Orb.
     0 | D:1      | Reached XP level 1. HP: 9/9 MP: 3/3
   584 | D:2      | Found a shadowy altar of Dithmenos.
   656 | D:2      | Found a glowing golden altar of the Shining One.
   756 | D:2      | Found a faded altar of an unknown god.
   771 | D:2      | Reached XP level 2. HP: 14/14 MP: 5/5
   777 | D:2      | Found a sacrificial altar of Ru.
  1260 | D:3      | Noticed Robin
  1351 | D:3      | Killed Robin
  1351 | D:3      | Reached skill level 4 in Dodging
  1879 | D:3      | Quit the game

Illustrated notes

Levels and vault maps discovered:
D:1:      scummos_arrival_simple_fountains, layout_basic
D:2:      layout_loops_ring, lemuel_crystal_altar, old_standard_altar,
          chequers_ecumenical_altar_grove, tso_altar
D:3:      layout_loops_cross, grunt_temple_overflow_open, uniq_robin

Skill      XL: |  1  2 |
---------------+-------+-----
Bows           | 3 |  3.4
Dodging        | 4 |  4.2
Fighting       | |  0.7
Spellcasting   | |  1.3
Hexes          | |  3.6

Action                   || total
-------------------------++-------
Melee: Dagger            ||    15
 Fire: Shortbow          ||    67
 Cast: Corona            ||     7
  Use: Scroll            ||     1
Armor: Robe              ||     1
Dodge: Dodged            ||    31

Table legend: (Time is in decaauts)
 A = Elapsed time spent in this place.
 B = Non-inter-level travel time spent in this place.
 C = Inter-level travel time spent in this place.
 D = Time resting spent in this place.
 E = Time spent auto-exploring this place.
 F = Levels seen in this place.
 G = Mean time per level.
                   A        B        C        D        E       F      G
               +--------+--------+--------+--------+--------+-----+--------+
         Total |   1316 |   1230 |     86 |    196 |    759 |   3 |  438.7 |
       Dungeon |   1316 |   1230 |     86 |    196 |    759 |   3 |  438.7 |
               +--------+--------+--------+--------+--------+-----+--------+

Top non-repeatable levels by time:
     D:2: 596 daAuts
     D:1: 375 daAuts
     D:3: 344 daAuts
